 Dungeon Crawl Stone Soup version 0.14-a0-1739-g6c2808e (webtiles) character file.

412 Piginabag the Bolt Thrower (level 6, -11/39 HPs)
             Began as a Formicid Hunter on Jan 4, 2014.
             Mangled by an ogre
             ... wielding a +0,+0 giant club
              (21 damage)
             ... on Level 4 of the Dungeon.
             The game lasted 00:09:17 (3918 turns).

Piginabag the Bolt Thrower (Formicid Hunter)        Turns: 3918, Time: 00:09:18

HP -11/39        AC  6     Str 19      XL: 6   Next: 74%
MP   6/6         EV 10     Int 10      God:
Gold 144         SH  0     Dex 11      Spells:  0 memorised,  5 levels left

rFire  x . .     SeeInvis +     b - +1 crossbow
rCold  + . .     Clarity  .     u - +0 ring mail
rNeg   . . .     Conserve .     (no shield)
rPois  x         rCorr    .     (helmet unavailable)
rElec  .         rRot     .     (no cloak)
SustAb . .       Spirit   .     (no gloves)
rMut   .         Warding  .     (no boots)
Saprov . . .     Stasis   +     (no amulet)
                                (no ring)
                                t - ring of ice

@: slightly resistant to hostile enchantments, unstealthy
A: permanent stasis, dig shafts and tunnels, four strong arms, poison weakness,
antennae 3, exoskeleton 1
a: Dig, Shaft Self


You were on level 4 of the Dungeon.
You were not hungry.

You visited 1 branch of the dungeon, and saw 4 of its levels.

You collected 144 gold pieces.

Inventory:

Hand weapons
 a - a +0,+0 short sword
 b - a +1,+1 crossbow (weapon)
 k - a +0,+0 whip
Missiles
 c - 25 bolts (quivered)
Armour
 u - a +0 ring mail (worn)
Comestibles
 d - a chunk of hobgoblin flesh
 f - 3 bread rations
 l - 6 meat rations
 s - a choko
Scrolls
 e - a scroll of curse armour
 g - a scroll of noise {unknown}
 i - a scroll of remove curse
 n - a scroll of recharging {unknown}
 q - a scroll of identify
Jewellery
 h - an uncursed ring of regeneration {unknown}
 t - a ring of ice (left hand)
Potions
 j - a potion of lignification {unknown}
 m - a potion of heal wounds {unknown}
 o - a potion of poison {unknown}
 r - a potion of agility {unknown}


   Skills:
 + Level 1.5 Fighting
 + Level 1.1 Maces & Flails
 + Level 5.9 Crossbows
 + Level 2.3 Armour
 + Level 2.8 Dodging
 + Level 2.1 Stealth


You had 5 spell levels left.
You didn't know any spells.

Dungeon Overview and Level Annotations

Branches:
Dungeon (4/16)
 Temple: D:4-7

Altars:
Fedhas
Nemelex Xobeh


Innate Abilities, Weirdness & Mutations

Your are under a permanent stasis effect.
You can dig through walls and to a lower floor.
Your four strong arms can wield any weapon, most with a shield.
You are susceptible to poison.
You have a pair of large antennae on your head (SInv).
Your body is surrounded by an exoskeleton. (HP +5, AC +1)


Message History

Your ring mail prevents you from hitting the giant cockroach.
The giant cockroach is severely wounded.
The giant cockroach barely misses you.
You barely miss the giant cockroach.
The giant cockroach is severely wounded.
The giant cockroach barely misses you.
You hit the giant cockroach.
You kill the giant cockroach!
You see here a giant cockroach corpse.
Found a scroll of amnesia.
An ogre comes into view. It is wielding a giant club.
The ogre shouts!
The ogre hits you with a giant club!
* * * LOW HITPOINT WARNING * * *
You hit the ogre.
The ogre is lightly wounded.
b - a +1,+1 crossbow (weapon)
The ogre hits you with a giant club!
Ouch! That really hurt!
You die...

..##..#.#.#.##.###
#.##..#.#.#.##...
..##..#.#.#.##..# #
####..#.#.#%##..# .#
#..#...#.##..###.##.#
####..#.###.#.........
...........>....#...#
#####.#.#####...#O..#
...##.#.#..%....@...#
...## ..#.####.###..#
#### ##.# ..... .# #.#
###.### # ... ?.. ###
#.# ..# ###


You could see an ogre.

Vanquished Creatures
  3 orc priests
  Ijyb (D:3)
  4 gnolls (D:2)
  3 adders
  A giant mite (D:1)
  2 giant geckos
  An ooze (D:4)
  7 orcs (D:3)
  3 giant cockroaches
  12 goblins
  10 hobgoblins
  4 kobolds
  2 quokkas (D:2)
  A ball python (D:1)
  5 bats
  3 giant newts (D:1)
  6 jackals
  9 rats
77 creatures vanquished.

Notes
Turn   | Place    | Note
--------------------------------------------------------------
     0 | D:1      | Piginabag, the Formicid Hunter, began the quest for the Orb.
     0 | D:1      | Reached XP level 1. HP: 17/17 MP: 1/1
   126 | D:1      | Reached XP level 2. HP: 19/21 MP: 2/2
   323 | D:1      | Reached XP level 3. HP: 25/25 MP: 3/3
   616 | D:2      | Found a sparkling altar of Nemelex Xobeh.
   642 | D:2      | Reached skill level 5 in Crossbows
   642 | D:2      | Reached XP level 4. HP: 30/30 MP: 4/4
  1305 | D:2      | Reached XP level 5. HP: 19/34 MP: 5/5
  2017 | D:3      | Found a blossoming altar of Fedhas.
  2017 | D:3      | Noticed a centaur
  2057 | D:3      | Reached skill level 1 in Armour
  2370 | D:3      | Noticed Ijyb
  2376 | D:3      | Killed Ijyb
  2793 | D:2      | Reached XP level 6. HP: 11/39 MP: 6/6
  3498 | D:3      | Reached skill level 1 in Maces & Flails
  3915 | D:4      | Noticed an ogre
  3918 | D:4      | Mangled by an ogre

Action                   |  1- 3 |  4- 6 || total
-------------------------+-------+-------++-------
Melee: Whip              |       |   143 ||   143
       Short sword       |       |     3 ||     3
 Fire: Crossbow          |    47 |    56 ||   103
 Abil: Dig               |       |     1 ||     1
  Use: Scroll            |       |     7 ||     7
 Stab: Sleeping          |       |     1 ||     1
